AoeStats
← THL

Arabia

507987102Analyzed
1v1 RM · 11d ago on Sep 20, 2026· 41m 13s· 2 players
Game mode
Random Map
Map size
Tiny (2 player)
Population
200
Speed
Normal
Resources
Standard
Victory
Conquest
Starting age
Dark Age
Ending age
Imperial Age
RankedLock teamsTeams togetherTeam positionsShared explorationLock speedFull tech treeHidden civsTurbo modeCheats
Victory
Defeat
🇨🇳 Poles · China
1773
+16
🇻🇳 Magyars · Vietnam
1779
-16
W4 Vipor
7:31 Loom
9:53 Feudal Age
11:01 Horse Collar
13:01 Double-Bit Axe
20:23 Bloodlines
22:13 Forging
23:00 Wheelbarrow
28:19 Castle Age
26:40 Scale Barding Armor
27:46 Fletching
28:22 Light Cavalry
29:41 Iron Casting
29:36 Husbandry
30:11 Heavy Plow
30:40 Bow Saw
31:34 Chain Barding Armor
31:49 Bodkin Arrow
32:56 Szlachta Privileges
40:37 Padded Archer Armor
40:48 Elite Skirmisher
THL
5:51 Loom
8:58 Feudal Age
10:12 Double-Bit Axe
23:29 Castle Age
22:34 Bloodlines
22:39 Gold Mining
24:39 Fletching
25:55 Bodkin Arrow
26:18 Padded Archer Armor
26:58 Husbandry
32:50 Ballistics
33:09 Bow Saw
39:02 Wheelbarrow
Connection lost

Rejoining the realm…

Still unreachable

The connection could not be restored.

Session expired

The server has moved on; the page needs a fresh start.